 Dungeon Crawl Stone Soup version 0.31-a0-441-g867994ef1c (webtiles) character file.

Game seed: 9678528173620045183

3113 lunkers the Martial Artist (level 10, -1/84 HPs)
             Began as a Meteoran Shapeshifter on Aug 2, 2023.
             Was a Believer of Okawaru.
             Killed from afar by a steam dragon (10 damage)
             ... with a ball of steam
             ... on level 8 of the Dungeon.
             The game lasted 00:06:35 (3023 turns).

lunkers the Martial Artist (Meteoran Shapeshifter)  Turns: 3023, Time: 00:06:36

Health: -1/84      AC:  9    Str: 23    XL:     10   Next: 35%
Magic:  12/14      EV: 15    Int:  9    God:    Okawaru [**....]
Gold:   312        SH:  0    Dex: 19    Spells: 9/9 levels left

rFire   . .          .
                       - Unarmed
rCold   . . .        (shield currently unavailable)
rNeg    . . .        g - melded +0 plate armour
rPois   .            (helmet currently unavailable)
rElec   .            (cloak currently unavailable)
rCorr   .            (gloves currently unavailable)
SInv    .            (boots currently unavailable)
Will    +....        f - amulet of regeneration
Stlth   ++           (no ring)
HPRegen 1.14/turn    (no ring)
MPRegen 0.14/turn

%: no passive effects
@: snake-form, heroic, glowing
A: constrict, boosted hp, large, sense surroundings 2, otherworldly, glowing,
explore regen
a: Begin Untransformation, Renounce Religion, Heroism


You were on level 8 of the Dungeon.
You worshipped Okawaru.
Okawaru was pleased with you.
You were an enormous anaconda.
You visited 2 branches of the dungeon, and saw 9 of its levels.

You collected 312 gold pieces.

Inventory:

Armour
 a - a +0 animal skin
 e - a scarf of harm
 g - a +0 plate armour (melded)
 h - a +0 ring mail
 m - +0 steam dragon scales
 o - a +1 helmet
Jewellery
 f - an amulet of regeneration (around neck)
 s - a ring of protection from cold
Talismans
 c - a beast talisman
 n - a serpent talisman (active)
Scrolls
 j - a scroll of teleportation
 q - a scroll of vulnerability {unknown}
 r - a scroll of enchant armour
 t - 2 scrolls of fear {unknown}
 v - a scroll of identify
Potions
 b - 3 potions of magic {unknown}
 d - a potion of resistance {unknown}
 i - a potion of curing
 k - 3 potions of haste
 l - a potion of cancellation {unknown}
 p - a potion of ambrosia {unknown}
 u - a potion of degeneration {unknown}


   Skills:
 + Level 2.4(7.4) Fighting
 + Level 3.4(8.4) Dodging
 * Level 12.4(17.4) Unarmed Combat
 + Level 4.7 Invocations
 + Level 8.5 Shapeshifting


You had 9 spell levels left.
You didn't know any spells.
Your spell library contained the following spells:

 Spells                   Type           Power      Damage    Failure   Level
 Freeze                   Ice            0%         1d3       38%         1
 Kiss of Death            Conj/Necr      0%         2d5       38%         1
 Shock                    Conj/Air       0%         1d3       38%         1
 Sting                    Tmut/Pois      0%         1d3       38%         1
 Poisonous Vapours        Pois/Air       0%         N/A       52%         2
 Confusing Touch          Hex            0%         N/A       77%         3
 Portal Projectile        Hex/Tloc       0%         N/A       77%         3
 Dispel Undead            Necr           0%         3d6       99%         4
 Iskenderun's Mystic Bla  Conj/Tloc      0%         2d3       99%         4
 Olgreb's Toxic Radiance  Pois           0%         N/A       99%         4
 Arcjolt                  Conj/Air       0%         1d10      100%        5
 Maxwell's Capacitive Co  Air            0%         ∞         100%        8
 Tukima's Dance           Hex            Unusable   N/A       N/A         3
 Summon Ice Beast         Ice/Summ       Unusable   N/A       N/A         4

Dungeon Overview and Level Annotations

Branches:
Dungeon (8/15) Zot: 1852   Temple (1/1) D:6 Zot: 567
   Lair: D:8-11

Altars:
Elyvilon
Kikubaaqudgha
Makhleb
Nemelex Xobeh
Okawaru
Qazlal
Trog
Uskayaw
Vehumet
Wu Jian
Xom
Yredelemnul
Zin
The Shining One

Shops:
D:8 *

Annotations:
D:4 1 runed translucent door, Gelion's ghost, weakling OpSh


Innate Abilities, Weirdness & Mutations

You are an enormous anaconda.
You have a powerful constriction melee attack.
Your maximum health is increased.
Your armour is entirely melded.
You are incapable of wielding weapons or throwing items.
You passively map the area around you.
You are easily found by Zot.
You glow in the dark.
You regain HP and MP as you explore.


Message History

* * * LOW HITPOINT WARNING * * *
You miss something.
You are engulfed in a cloud of scalding steam.
* * * LOW HITPOINT WARNING * * *
A sky beast appears from thin air!
Reactivating autopickup.
A sky beast appears from thin air!
The sky beast hits you.
* * * LOW HITPOINT WARNING * * *
The sky beast shocks you.
* * * LOW HITPOINT WARNING * * *
You swing at nothing.
You feel a bit more experienced.
You body-slam the sky beast!!
You kill the sky beast!
Okawaru accepts your kill. The steam dragon breathes steam at you.
The ball of steam hits you!!
* * * LOW HITPOINT WARNING * * *
You feel better.
You are engulfed in a cloud of scalding steam.
* * * LOW HITPOINT WARNING * * *
You are no longer corroded.
You gain the combat prowess of a mighty hero.
You are engulfed in a cloud of scalding steam.
* * * LOW HITPOINT WARNING * * *
The steam dragon bites you but does no damage.
The steam dragon closely misses you.
Unknown command.
You barely miss the steam dragon. You grab the steam dragon.
You are engulfed in a cloud of scalding steam.
* * * LOW HITPOINT WARNING * * *
You constrict the steam dragon, but do no damage.
The steam dragon bites you.
* * * LOW HITPOINT WARNING * * *
The steam dragon claws you.
* * * LOW HITPOINT WARNING * * *
The steam dragon breathes steam at you.
The ball of steam hits the steam dragon!
The steam dragon resists.
The ball of steam hits you!
You die...

*...........§....§{.§≈≈≈≈≈
~,
............[.....§D§~~~~~,,
***
.............†......#.... ,,
........####†##..........,,
* * ........#
#.####.......#* ........#
#.# ######## * ....... #D#
,,....., #D# * #S# * * #.# *
* ,.§. * ** #####*


You could see 2 steam dragons.

Vanquished Creatures
  4 yaks (D:8)
  2 steam dragons
  An orc warrior (D:6)
  A sky beast (D:8)
  An ogre (D:5)
  2 black bears (D:5)
  3 phantoms (D:5)
  A scorpion (D:7)
  3 bullfrogs
  11 wights
  4 killer bees (D:8)
  A jelly (D:8)
  A gnoll bouda (D:6)
  2 hounds (D:6)
  4 orc priests
  3 sleepcaps
  2 iguanas
  2 orc wizards (D:8)
  5 adders
  9 gnolls
  A shadow imp (D:6)
  An ufetubus (D:3)
  3 worms
  2 dart slugs
  9 orcs
  3 bats
  5 endoplasms
  5 giant cockroaches
  5 goblins
  4 hobgoblins
  2 jackals (D:3)
  3 quokkas
  2 ball pythons (D:1)
  2 frilled lizards (D:3)
  7 kobolds
  2 rats
118 creatures vanquished.

Vanquished Creatures (others)
  2 sky beasts (D:8)
2 creatures vanquished.

Grand Total: 120 creatures vanquished

Notes
Turn   | Place    | Note
-------+----------+-------------------------------------------
     0 | D:1      | lunkers the Meteoran Shapeshifter began the quest for the
                  | Orb.
     0 | D:1      | Reached XP level 1. HP: 16/16 MP: 2/2
    60 | D:1      | Reached XP level 2. HP: 13/23 MP: 3/3
   160 | D:1      | Reached skill level 4 in Unarmed Combat
   360 | D:1      | Reached XP level 3. HP: 28/28 MP: 4/4
   539 | D:2      | Reached skill level 5 in Unarmed Combat
   539 | D:2      | Reached XP level 4. HP: 32/35 MP: 5/5
  1016 | D:3      | Reached XP level 5. HP: 25/40 MP: 6/6
  1308 | D:4      | HP: 1/26 [orc priest/divine providence (14)]
  1317 | D:4      | Reached skill level 6 in Unarmed Combat
  1396 | D:4      | Found a runed translucent door.
  1396 | D:4      | Noticed Gelion's ghost (weakling OpSh)
  1419 | D:4      | Reached XP level 6. HP: 32/47 MP: 7/7
  1431 | D:4      | Found an ornate altar of the Wu Jian Council.
  1545 | D:5      | Entered Level 5 of the Dungeon
  1567 | D:5      | Reached skill level 5 in Shapeshifting
  1627 | D:5      | Noticed a black bear
  1633 | D:5      | Killed a black bear
  1634 | D:5      | Reached skill level 7 in Unarmed Combat
  1634 | D:5      | Reached XP level 7. HP: 32/52 MP: 8/8
  1675 | D:5      | Reached skill level 8 in Unarmed Combat
  1758 | D:5      | Reached XP level 8. HP: 48/59 MP: 9/9
  1784 | D:5      | Reached skill level 9 in Unarmed Combat
  1933 | D:6      | Found a staircase to the Ecumenical Temple.
  1946 | D:6      | Reached skill level 10 in Unarmed Combat
  1950 | D:6      | Gained mutation: You passively map the area around you.
                  | [Meteoran growth]
  1950 | D:6      | Reached XP level 9. HP: 12/61 MP: 10/10
  1959 | Temple   | Entered the Ecumenical Temple
  1975 | Temple   | Became a worshipper of Warmaster Okawaru
  2091 | D:6      | Reached skill level 1 in Invocations
  2109 | D:6      | Got Cett's Precepts of Shivering Ozone
  2269 | D:6      | Reached skill level 11 in Unarmed Combat
  2566 | D:7      | Reached * piety under Okawaru
  2881 | D:8      | Found Lenameagas's General Store.
  2919 | D:8      | Reached ** piety under Okawaru
  2920 | D:8      | Reached skill level 12 in Unarmed Combat
  2920 | D:8      | Reached XP level 10. HP: 60/71 MP: 14/14
  3023 | D:8      | Killed from afar by a steam dragon

Illustrated notes

Levels and vault maps discovered:
D:1:      minmay_arrival_three_doors, layout_basic,
          shapermc_ecumenical_altar_flowoftime, chequers_serial_rivers_small_3
D:2:      layout_basic, minmay_hedge_maze
D:3:      layout_loops_cross
D:4:      layout_basic, nicolae_ru_the_path_less_chosen,
          nzn_wu_jian_contemplation, serial_shops, nicolae_shop_rolled_up,
          hellmonk_ghost_happy_afterlife
D:5:      nicolae_BIG_FREAKIN_CUBE, layout_basic, fedhas_altar_fruit_tree,
          minitemple, serial_rivers, chequers_serial_rivers_room_a,
          chequers_serial_rivers_marsh, chequers_serial_rivers_micro_a,
          chequers_serial_rivers_micro_e
D:6:      layout_basic, minmay_temple_entry_slanted
D:7:      layout_gridville
D:8:      layout_basic, serial_shops, shop, dk_noncrumbling_3,
          hangedman_misty_isle
Temple:   compressed_dpeg_triangle_lava_temple

Skill      XL: |  1  2  3  4  5  6  7  8  9 10 |
---------------+-------------------------------+-----
Unarmed Combat | 4 5 6 7 8 10 12 | 12.4
Shapeshifting  | 4 5 6 7 8 |  8.5
Invocations    | 4 |  4.7
Dodging        | 3 |  3.4
Fighting       | 2 |  2.4

Action                     |  1- 3 |  4- 6 |  7- 9 | 10-12 || total
---------------------------+-------+-------+-------+-------++-------
  Melee: Unarmed           |    53 |    81 |   130 |    28 ||   292
         Constrict         |       |     9 |    29 |     6 ||    44
         Punch             |       |     3 |       |       ||     3
 Invoke: Heroism           |       |       |       |     1 ||     1
    Use: Potion            |       |     1 |       |     1 ||     2
         Scroll            |       |       |     6 |       ||     6
 Armour: Animal skin       |     9 |       |       |       ||     9
         Plate armour      |       |     8 |       |       ||     8
         Skin              |       |    33 |    36 |     8 ||    77
  Dodge: Dodged            |    29 |    21 |    49 |     7 ||   106
   Form: Anaconda          |       |     1 |       |       ||     1

Table legend: (Time is in decaauts)
 A = Elapsed time spent in this place.
 B = Non-inter-level travel time spent in this place.
 C = Inter-level travel time spent in this place.
 D = Time resting spent in this place.
 E = Time spent auto-exploring this place.
 F = Levels seen in this place.
 G = Mean time per level.
                   A        B        C        D        E       F      G
               +--------+--------+--------+--------+--------+-----+--------+
         Total |   2979 |   2757 |    222 |      0 |   2036 |   9 |  331.0 |
       Dungeon |   2947 |   2754 |    193 |      0 |   2036 |   8 |  368.4 |
        Temple |     32 |      3 |     29 |      0 |      0 |   1 |   32.0 |
               +--------+--------+--------+--------+--------+-----+--------+

Top non-repeatable levels by time:
     D:7: 500 daAuts
     D:3: 464 daAuts
     D:1: 396 daAuts
     D:6: 375 daAuts
     D:5: 341 daAuts
     D:4: 341 daAuts
     D:2: 332 daAuts
     D:8: 194 daAuts
  Temple: 32 daAuts
